 Dungeon Crawl Stone Soup version 0.30-b1-2-g02819fbbbe (webtiles) character file.

Game seed: 12367901310838505207

616484 emikaela the Bludgeoner (level 27, -4/163 (176) HPs)
             Began as a Gargoyle Reaver on May 15, 2023.
             Was the Champion of Jiyva.
             Killed from afar by a black draconian knight (10 damage)
             ... with a bolt of lightning
             ... led by a white draconian stormcaller
             ... on level 2 of the Realm of Zot on May 18, 2023.
             The game lasted 05:32:31 (53916 turns).

emikaela the Bludgeoner (Gargoyle Reaver)          Turns: 53916, Time: 05:32:31

HP:   -4/163 (176)  AC: 67    Str: 20    XL:     27
MP:   45/45         EV: 14    Int: 28    God:    Jiyva [******]
Gold: 3646          SH:  9    Dex: 15    Spells: 22/44 levels left

rFire   . . .        a - +6 arbalest "Damnation" {damnation}
rCold   . . .        (shield currently unavailable)
rNeg    + . .        j - +8 shadow dragon scales of the Nine Brambles {rElec Will- Int+3 SInv Stlth++++}
rPois   ∞            (helmet restricted)
rElec   +            L - +1 cloak of Wu Jian's Hope {Rampage Slay+5}
rCorr   +            t - +1 pair of gloves of Articulation {+Inv Int+2}
SInv    +            h - +2 pair of boots
Will    ++++.        I - amulet "Tiles" {Reflect rPois rF- Will+++ Regen+ SH+5}
Stlth   ++++++++     Z - ring of Miyxzoa {rF+ rCorr MP+9 Dex+4 SInv}
HPRegen 4.47/turn    r - ring of the Tortoise {AC+8}
MPRegen 0.79/turn

%: reflection, rampage
@: flying, very slightly contaminated, studying Ranged Weapons, drained
A: sickness immunity, AC +20, big wings, negative energy resistance 1,
electricity resistance, torment resistance 1, petrification resistance, antennae
1, claws 1, hooves 2, iridescent scales 3, large bone plates 1, clever 1,
regeneration 2, pseudopods 3, translucent skin 1, jelly absorbing missiles,
subdued magic 1
}: 5/15 runes: barnacled, slimy, silver, abyssal, gossamer
a: Renounce Religion, Evoke Invisibility, Oozemancy, Slimify


You were on level 2 of the Realm of Zot.
You worshipped Jiyva.
Jiyva was exalted by your worship.
You visited 11 branches of the dungeon, and saw 52 of its levels.
You visited the Abyss 2 times.
You visited 1 bazaar.
You also visited: Trove, Gauntlet and Desolation.

You collected 5582 gold pieces.
You spent 1936 gold pieces at shops.

Inventory:

Hand Weapons
 a - the +6 arbalest "Damnation" (weapon) {damnation}
   (You found it on level 5 of the Pits of Slime)
 b - the +7 great mace "Firestarter" {flame, immolate, rFlCloud rF++}
   (You took it off an ironbound convoker in the Desolation of Salt)

   rFlCloud:  It grants immunity to clouds of flame.
   rF:        It greatly protects you from fire.
 w - the +7 arbalest of Judin {drain, rElec rN+ Dex+3}
   (You found it on level 5 of the Pits of Slime)

   Dex:       It affects your dexterity (+3).
   rElec:     It insulates you from electricity.
   rN:        It protects you from negative energy.
 T - the +9 sword of Zonguldrok {reap}
   (You found it on level 5 of the Vaults)
Armour
 h - a +2 pair of boots (worn)
 j - the +8 shadow dragon scales of the Nine Brambles (worn) {rElec Will- Int+3 SInv Stlth++++}
   (You found it on level 3 of the Elven Halls)

   Int:       It affects your intelligence (+3).
   rElec:     It insulates you from electricity.
   SInv:      It lets you see invisible.
   Will:      It decreases your willpower.
   Stlth:     It makes you much more stealthy.
 t - the +1 pair of gloves of Articulation (worn) {+Inv Int+2}
   (You bought it in a shop in a bazaar)

   Int:       It affects your intelligence (+2).
   +Inv:      It lets you turn invisible.
 J - the +6 leather armour "Setugror" {rElec rCorr Int-2 Dex+3}
   (You found it on level 1 of the Vaults)

   Int:       It affects your intelligence (-2).
   Dex:       It affects your dexterity (+3).
   rElec:     It insulates you from electricity.
   rCorr:     It protects you from acid and corrosion.
 L - the +1 cloak of Wu Jian's Hope (worn) {Rampage Slay+5}
   (You found it on level 5 of the Vaults)

   Slay:      It affects your accuracy & damage with ranged weapons and melee
   (+5).
   Rampage:   It bestows one free step when moving towards enemies.
 M - a +2 helmet of see invisible
 O - the +0 pair of gloves "Zefiw" {rN+ Dex+5}
   (You found it on level 5 of the Vaults)

   Dex:       It affects your dexterity (+5).
   rN:        It protects you from negative energy.
Jewellery
 c - a +4 ring of slaying
 e - the macabre finger necklace {Finger+ rN+}
   (You took it off a deep elf annihilator on level 3 of the Elven Halls)

   [amulet of nothing]

   Finger+:   It enables you to equip an extra ring.
   rN:        It protects you from negative energy.
 n - the amulet of Diohat {RegenMP rC+ Will+ Int+2 Stlth-}
   (You found it on level 4 of the Shoals)

   [amulet of magic regeneration]

   It increases your rate of magic regeneration.
   Int:       It affects your intelligence (+2).
   rC:        It protects you from cold.
   Will:      It increases your willpower.
   Stlth:     It makes you less stealthy.
 r - the ring of the Tortoise (right hand) {AC+8}
   (You found it on level 5 of the Vaults)

   [ring of protection]

   AC:        It affects your AC (+8).
 u - a +4 ring of protection
 I - the amulet "Tiles" (around neck) {Reflect rPois rF- Will+++ Regen+ SH+5}
   (You found it in a treasure trove)

   [amulet of reflection]

   It reflects blocked missile attacks.
   rF:        It makes you vulnerable to fire.
   rPois:     It protects you from poison.
   Regen:     It increases your rate of health regeneration.
   SH:        It affects your SH (+5).
   Will:      It greatly increases your willpower.
 Z - the ring of Miyxzoa (left hand) {rF+ rCorr MP+9 Dex+4 SInv}
   (You found it in a treasure trove)

   [ring of see invisible]

   Dex:       It affects your dexterity (+4).
   rF:        It protects you from fire.
   MP:        It affects your magic capacity (+9).
   SInv:      It lets you see invisible.
   rCorr:     It protects you from acid and corrosion.
Wands
 A - a wand of acid (28)
 B - a wand of iceblast (24)
 G - a wand of digging (8)
 H - a wand of mindburst (15)
 U - a wand of charming (39)
Scrolls
 f - 3 scrolls of fear
 g - 4 scrolls of fog
 i - 23 scrolls of identify
 l - 5 scrolls of blinking
 m - a scroll of magic mapping
 o - 2 scrolls of immolation {!r}
 p - 5 scrolls of teleportation
 y - 2 scrolls of amnesia
 K - 4 scrolls of enchant armour
 P - 3 scrolls of brand weapon
 R - 4 scrolls of enchant weapon
 S - 9 scrolls of poison
Potions
 d - 10 potions of curing
 k - 5 potions of resistance
 q - 4 potions of ambrosia
 v - 7 potions of heal wounds
 z - 4 potions of berserk rage {!q}
 C - a potion of cancellation
 D - 4 potions of brilliance
 F - 7 potions of mutation {!q}
 Q - 3 potions of magic
 V - 2 potions of haste
 W - 5 potions of might
 Y - 2 potions of invisibility
Miscellaneous
 s - a lightning rod (4/4)
 x - a tin of tremorstones (2/2)
 E - a piece from Xom's chessboard (15/15)
 N - a phantom mirror
 X - a box of beasts


   Skills:
 + Level 18.8 Fighting
 - Level 20.0 Maces & Flails
 + Level 19.3 Ranged Weapons
 + Level 18.8 Armour
 + Level 12.8 Dodging
 - Level 15.0 Stealth
 - Level 5.0 Shields
 - Level 9.0 Spellcasting
 - Level 4.0 Conjurations
 - Level 12.0 Hexes
 - Level 8.0 Summonings
 - Level 6.0 Translocations
 - Level 2.0 Transmutations
 - Level 7.0 Air Magic
 - Level 5.0 Earth Magic
 + Level 15.7 Evocations


You had 22 spell levels left.
You knew the following spells:

 Your Spells              Type           Power      Damage    Failure   Level
a - Portal Projectile     Hex/Tloc       96%        N/A       1%          3
b - Momentum Strike       Conj/Tloc      62%        3d9       2%          2
d - Dazzling Flash        Conj/Hex       88%        N/A       1%          3
i - Blink                 Tloc           70%        N/A       1%          2
l - Silence               Hex/Air        25%        N/A       9%          5
v - Summon Mana Viper     Hex/Summ       51%        N/A       7%          5
w - Passwall              Tmut/Erth      20%        N/A       5%          2

Your spell library contained the following spells:

 Spells                   Type           Power      Damage    Failure   Level
 Summon Small Mammal      Summ           100%       N/A       1%          1
 Lesser Beckoning         Tloc           70%        N/A       1%          2
 Call Canine Familiar     Summ           44%        N/A       1%          3
 Summon Guardian Golem    Hex/Summ       51%        N/A       1%          3
 Tukima's Dance           Hex            57%        N/A       1%          3
 Cause Fear               Hex            28%        N/A       1%          4
 Gell's Gravitas          Tloc           35%        N/A       3%          3
 Teleport Other           Tloc           35%        N/A       3%          3
 Vhi's Electric Charge    Tloc/Air       74%        N/A       3%          3
 Leda's Liquefaction      Hex/Erth       23%        N/A       4%          4
 Fulminant Prism          Conj/Hex       22%        3d12      5%          4
 Kiss of Death            Conj/Necr      72%        2d10      7%          1
 Stone Arrow              Conj/Erth      58%        3d10      7%          3
 Summon Lightning Spire   Summ/Air       42%        N/A       7%          4
 Wereblood                Tmut           18%        N/A       11%         2
 Mephitic Cloud           Conj/Pois/Air  25%        N/A       11%         3
 Animate Armour           Summ/Erth      74%        N/A       11%         4
 Anguish                  Hex/Necr       17%        N/A       13%         4
 Manifold Assault         Tloc           35%        N/A       13%         4
 Volatile Blastmotes      Fire/Tloc      44%        2d13      14%         3
 Freeze                   Ice            36%        1d5       16%         1
 Iskenderun's Mystic Bla  Conj/Tloc      31%        2d8       21%         4
 Hailstorm                Conj/Ice       18%        3d6       22%         3
 Summon Forest            Summ/Tloc      19%        N/A       26%         5
 Spider Form              Tmut/Pois      14%        N/A       32%         3
 Metabolic Englaciation   Hex/Ice        17%        N/A       36%         5
 Ozocubu's Armour         Ice            9%         N/A       45%         3
 Arcjolt                  Conj/Air       16%        1d26      45%         5
 Lee's Rapid Deconstruct  Erth           15%        3d10*     52%         5
 Iskenderun's Battlesphe  Conj           26%        2d8       67%         5
 Enfeeble                 Hex            28%        N/A       71%         7
 Ice Form                 Ice/Tmut       14%        N/A       73%         4
 Animate Dead             Necr           9%         N/A       86%         4
 Dispel Undead            Necr           9%         3d8       86%         4
 Olgreb's Toxic Radiance  Pois           9%         N/A       86%         4
 Borgnjor's Vile Clutch   Necr/Erth      10%        N/A       86%         5
 Blade Hands              Tmut           9%         N/A       91%         5
 Fireball                 Conj/Fire      9%         3d6       91%         5
 Dispersal                Tloc           17%        N/A       92%         6
 Conjure Ball Lightning   Conj/Air       16%        3x3d6     96%         6
 Agony                    Necr           9%         N/A       99%         5
 Iron Shot                Conj/Erth      14%        9d4       99%         6
 Summon Hydra             Summ           22%        N/A       99%         7
 Death Channel            Necr           4%         N/A       100%        6
 Eringya's Noxious Bog    Tmut/Pois      7%         N/A       100%        6
 Plasma Beam              Fire/Air       12%        2x1d25    100%        6
 Simulacrum               Ice/Necr       4%         N/A       100%        6
 Starburst                Conj/Fire      9%         6d5       100%        6
 Dragon Form              Tmut           9%         N/A       100%        7
 Haunt                    Necr/Summ      13%        N/A       100%        7
 Malign Gateway           Summ/Tloc      19%        N/A       100%        7
 Orb of Destruction       Conj           13%        9d7       100%        7
 Ozocubu's Refrigeration  Ice            4%         4d8       100%        7
 Storm Form               Tmut/Air       14%        N/A       100%        7
 Discord                  Hex            28%        N/A       100%        8
 Disjunction              Tloc           17%        N/A       100%        8
 Ignition                 Fire           4%         3d4       100%        8
 Infestation              Necr           4%         N/A       100%        8
 Lehudib's Crystal Spear  Conj/Erth      14%        10d5      100%        8
 Maxwell's Capacitive Co  Air            19%        ∞         100%        8
 Dragon's Call            Summ           22%        N/A       100%        9
 Cigotuvi's Dreadful Rot  Necr/Pois/Air  Unusable   N/A       N/A         2
 Sublimation of Blood     Necr           Unusable   N/A       N/A         2
 Statue Form              Tmut/Erth      Unusable   N/A       N/A         6

Dungeon Overview and Level Annotations

Branches:
Dungeon (15/15)            Temple (0/1) D:7            Lair (5/5) D:10
 Shoals (4/4) Lair:2       Spider (4/4) Lair:3        Slime (5/5) Lair:5
    Orc (2/2) D:12            Elf (3/3) Orc:2        Vaults (5/5) D:14
  Crypt (3/3) Vaults:2       Tomb (0/3) Crypt:3      Depths (4/4) D:15
    Zot (2/5) Depths:4    Desolation (visited)      Gauntlet (visited)

Altars:
Ashenzari
Dithmenos
Gozag
Hepliaklqana
Kikubaaqudgha
Okawaru
Qazlal
Vehumet
Wu Jian
Xom
Yredelemnul
The Shining One
Jiyva
Lugonu

Shops:
D:2 *   D:3 ?   D:7 *   D:12 [   Orc:1 *   Orc:2 :(*[   Elf:1 !   Shoals:3 *[
Vaults:3 (   Vaults:4 !   Depths:2 [   Depths:4 [

Portals:
Hell: Depths:1 Depths:2 Depths:3 Depths:4
Abyss: Shoals:1 Depths:3
Pandemonium: Depths:2 Depths:3 Depths:4
Ziggurat: Depths:2

Annotations:
D:10 3 runed translucent doors
D:15 3 runed translucent doors, Vuirau's ghost, journeyman DsGl
Lair:1 3 runed translucent doors, Sammaje's ghost, novice MiBe
Shoals:1 1 runed translucent door
Slime:5 Dissolution; Royal Jelly
Vaults:4 1 exclusion


Innate Abilities, Weirdness & Mutations

You are immune to sickness and miasma.
Your stone body is resilient. (AC +20)
You are immune to poison.
Your large and strong wings let you fly.
You resist negative energy. (rN+)
You are resistant to electric shocks. (rElec)
You are resistant to unholy torment.
You are immune to petrification.
You have a pair of small antennae on your head.
You have sharp fingernails.
You have hoof-like feet.
You are completely covered in iridescent scales. (AC +6)
You are partially covered in large bone plates. (SH +4)
Your mind is acute. (Int +4, Str/Dex -1)
You heal very quickly.
Armour fits poorly on your massive pseudopods.
Your translucent skin slightly reduces your foes' accuracy. (Stealth+)
You have a small jelly attached to you that may absorb projectiles.
Your spells are a little easier to cast, but a little less powerful.


Message History

The damnation bolt closely misses the yellow draconian annihilator.
The damnation bolt hits the white draconian stormcaller!!
The white draconian stormcaller is almost dead.
The damnation bolt explodes!
The damnation engulfs the white draconian stormcaller!
You kill the white draconian stormcaller!
The swamp drake disappears in a puff of smoke!
The rime drake disappears in a puff of smoke!
The komodo dragon disappears in a puff of smoke!
The death drake disappears in a puff of smoke!
The red draconian scorcher breathes fire at you.
The searing blast hits you!!!
You shudder from the blast and a jelly pops out!
The black draconian knight gestures at you while chanting.
You block shard of ice... and reflect it back!
The shard of ice misses the black draconian knight.
Fire: a) +6 arbalest "Damnation" {damnation}
Press: ? - help, Q - select action Shift-Dir - straight line, f/p - yellow draconian annihilator
Aim: a yellow draconian annihilator, wielding a +0 long sword and wearing a +0 cloak (almost dead, 78% to hit)
You shoot a damnation bolt.
The damnation bolt hits the yellow draconian annihilator.
The yellow draconian annihilator is almost dead.
The damnation bolt explodes!
The damnation engulfs the yellow draconian annihilator!!
You kill the yellow draconian annihilator!
The damnation engulfs the red draconian scorcher!!
The red draconian scorcher is severely wounded.
The damnation engulfs the black draconian knight!
The black draconian knight is moderately wounded.
The damnation engulfs the green draconian!!
The green draconian is severely wounded.
The purple draconian shifter breathes dispelling energy at you.
The bolt of dispelling energy hits you!
The red draconian scorcher gestures at you while chanting.
The bolt of magma hits you!!!
* * * LOW HITPOINT WARNING * * *
You shudder from the blast and a jelly pops out!
The black draconian knight breathes lightning at you.
The bolt of lightning hits you! You resist.
You die...

## ###..<.##
########..>#
#.#######..#
#..#####..##
##...###..##
###.....#..##
###○○.J.....##
#.○☼..○....##
##☼☼@○○#####
#J..####


#qqdq# #§....#{ ##§§....# #######§.)....# #.qq...§.§§..## ..q.....§....
.q....§..#### You could see a black draconian knight (fast, invisible, poisoned,
catching breath), a green draconian (catching breath), a purple draconian
shifter (catching breath), a red draconian scorcher (ally target) and 2 friendly
quicksilver oozes.

Vanquished Creatures
  5 dread liches
  Mara (Spider:4)
  Sojobo (Vaults:5)
  Bai Suzhen (Spider:4)
  Saint Roka (Crypt:1)
  A curse toe (Crypt:3)
  2 golden dragons
  A profane servitor (Abyss:3)
  Nikola (Elf:3)
  4 bone dragons
  3 doom hounds (Depths:3)
  2 electric golems
  3 hellephants (Abyss:3)
  A Tzitzimitl (Depths:2)
  Rupert (D:14)
  8 tentacled monstrosities
  Jorgrun (Elf:2)
  Grunn (Depths:3)
  2 deep elf blademasters (Elf:2)
  6 liches
  4 death cobs
  5 titans
  3 quicksilver dragons
  Asterion (Elf:3)
  A deep elf master archer (Elf:3)
  7 ancient champions
  17 tentacled starspawn
  A draconian monk (Zot:1)
  8 sphinxes
  8 shadow dragons
  A revenant (Crypt:1)
  8 tengu reavers
  12 storm dragons
  Donald (Elf:2)
  Roxanne (D:14)
  A draconian knight (Abyss:3)
  9 fire giants
  A daeva (Depths:2)
  22 vault wardens
  18 frost giants
  2 imperial myrmidons (Desolation)
  9 emperor scorpions
  9 deep elf sorcerers
  2 draconian shifters (Abyss:3)
  6 ghost moths
  An angel (Depths:2)
  3 orc warlords
  3 curse skulls
  A draconian annihilator (Zot:2)
  2 ghouls (Crypt:3)
  3 war gargoyles
  3 reapers
  4 draconian stormcallers
  A spriggan defender (Depths:2)
  8 deep elf elementalists
  13 ironbound preservers
  23 stone giants
  7 ironbound thunderhulks
  16 very ugly things
  Nessos (D:13)
  A broodmother (Spider:3)
  A green draconian (Depths:4)
  6 deep elf demonologists
  4 vampire knights
  2 black draconians (Zot:1)
  5 spark wasps (Depths:3)
  2 lorocyprocas
  An eleionoma (Abyss:1)
  2 minotaurs (Shoals:4)
  4 putrid mouths
  Azrael (D:14)
  11 deep elf annihilators (Elf:3)
  17 dire elephants
  3 white draconians
  5 red draconians
  4 purple draconians
  4 yellow draconians
  2 green deaths (Abyss:2)
  4 crystal guardians
  2 blizzard demons
  7 deep elf death magi
  8 ettins
  5 merfolk impalers
  A mummy priest (Crypt:3)
  6 ragged hierophants (Desolation)
  6 eidola
  9 jiangshi
  2 merfolk javelineers
  13 yaktaur captains
  6 deep elf high priests
  29 vault guards
  2 entropy weavers
  2 spriggan zombies
  8 servants of whispers (Desolation)
  4 rakshasas
  8 ice dragons
  5 fire dragons
  A hell beast (Depths:4)
  6 hydras
  A caustic shrike simulacrum (Crypt:1)
  Harold (Orc:1)
  8 peacekeepers
  2 catoblepae
  2 alligator snapping turtles (Shoals:4)
  8 ironbound frosthearts
  An ogre mage (D:15)
  3 centaur warriors
  A merfolk avatar (Shoals:2)
  A radroach (Spider:3)
  2 merfolk aquamancers
  5 boulder beetles
  4 spriggan air magi
  33 dancing weapons
  4 death yaks
  A jorogumo (Spider:3)
  A death knight (Abyss:3)
  10 two-headed ogres
  14 deep troll shamans
  15 satyrs
  12 tengu warriors
  7 vampire magi
  An Orb Guardian skeleton (Crypt:1)
  A titan zombie (Abyss:3)
  5 hell hogs
  6 orc high priests
  4 thrashing horrors
  A hell knight (Depths:3)
  A shock serpent (shapeshifter) (Depths:2)
  5 spriggan berserkers
  7 spriggans
  8 sun demons
  10 deep troll earth magi
  4 soul eaters
  25 deep elf knights
  29 iron trolls
  9 wretched stars
  Amaemon (Lair:1)
  A sixfirhy (Abyss:3)
  26 skeletal warriors
  2 pharaoh ants (Spider:2)
  3 skysharks
  8 sea snakes
  A shadow wraith (Crypt:3)
  2 spatial maelstroms
  An anaconda zombie (Abyss:3)
  A golden dragon zombie (Abyss:2)
  10 orb spiders
  A sun moth (Spider:3)
  2 flayed ghosts
  8 wizards
  53 deep trolls
  A swamp dragon (shapeshifter) (Depths:2)
  3 necromancers
  12 deep elf archers
  16 lindwurms
  4 steelbarb worms
  18 harpies
  A bog body (Crypt:3)
  32 deep elf pyromancers
  7 phantasmal warriors
  6 orc knights
  A harpy (shapeshifter) (D:14)
  A mana viper (Abyss:3)
  32 deep elf zephyrmancers
  A wolf spider (shapeshifter) (Vaults:5)
  14 fauns
  A mana viper (shapeshifter) (Vaults:5)
  23 ironbound convokers
  2 salamanders
  6 orc sorcerers
  44 ugly things
  18 wolf spiders
  A manticore (shapeshifter) (Orc:2)
  A will-o-the-wisp (Abyss:3)
  11 manticores
  9 cyclopes
  A stone giant zombie (Abyss:3)
  17 moths of wrath
  5 worldbinders
  6 merfolk sirens
  2 rust devils
  Joseph (D:7)
  2 guardian serpents (Desolation)
  4 black mambas
  3 water nymphs
  12 smoke demons
  2 stone giant skeletons
  19 elephants
  17 vault sentinels
  2 molten gargoyles (Desolation)
  2 apocalypse crabs (Shoals:1)
  A gargoyle (D:11)
  7 demonic crawlers
  2 centaur skeletons
  A death yak zombie (Crypt:2)
  9 cane toads
  8 torpor snails
  A shock serpent skeleton (Crypt:3)
  2 unseen horror zombies (D:9)
  2 unseen horrors (D:13)
  A redback zombie (D:15)
  5 orange demons
  3 rime drakes
  An efreet (Zot:1)
  5 tengu conjurers
  9 freezing wraiths
  25 yaktaurs
  7 komodo dragons
  A catoblepas skeleton (Crypt:1)
  4 spectral deep trolls (Crypt:2)
  4 ancient zymes
  A harpy zombie (Crypt:2)
  An unseen horror skeleton (Crypt:2)
  A hellwing (Depths:2)
  18 large abominations
  6 guardian mummies (Crypt:3)
  16 merfolk
  A merfolk (shapeshifter) (Vaults:5)
  12 meliai
  A polar bear (shapeshifter) (Abyss:3)
  12 trolls
  An ice devil (Abyss:3)
  5 wind drakes
  3 polar bears
  Prince Ribbit (D:5)
  14 hornets
  41 saltlings (Desolation)
  A tarantella zombie (Crypt:1)
  20 blink frogs
  20 tarantellas
  A radroach zombie (Crypt:2)
  6 raiju (Abyss:3)
  2 dream sheep (Shoals:3)
  An ice dragon zombie (Crypt:2)
  13 jumping spiders
  7 snapping turtles
  3 centaur simulacra
  10 wraiths
  15 flying skulls
  A shadow (D:11)
  7 ynoxinuls
  15 culicivoras
  6 air elementals
  3 wyverns
  An alligator skeleton (Crypt:3)
  2 vampires
  13 water elementals
  53 starcursed masses
  7 fire elementals
  57 yaks
  2 basilisks (Lair:4)
  2 yaks (shapeshifter)
  47 redbacks
  2 vampire mosquitoes (D:13)
  4 fire bats
  6 chaos spawn
  9 neqoxecs
  3 spatial vortices (Abyss:3)
  2 steam dragons (D:8)
  A fire bat zombie (Crypt:1)
  6 wargs
  2 acid dragons
  Duvessa (D:5)
  15 water moccasins
  4 hell hounds (D:14)
  2 hornet zombies (D:9)
  40 orc warriors
  4 black bears
  6 boggarts
  An ice beast (D:6)
  13 ogres
  2 centaurs
  37 wolves
  A phantom (D:6)
  A blink frog skeleton (Crypt:3)
  A lindwurm skeleton (Crypt:1)
  2 kobold brigands
  A draconian zombie (Crypt:3)
  A fire crab zombie (Crypt:3)
  A vine stalker zombie (Crypt:1)
  8 bullfrogs
  A necrophage (Crypt:3)
  A gnoll sergeant (D:10)
  3 scorpions
  13 wights
  Dowan (D:5)
  7 killer bees
  6 jellies
  8 howler monkeys
  An electric eel (Spider:4)
  3 quasits (Abyss:3)
  A wolf skeleton (Crypt:2)
  2 centaur zombies
  2 iron imps
  30 orc priests
  A hound (D:6)
  18 small abominations
  3 sleepcaps
  23 orc wizards
  An iguana (D:5)
  A killer bee zombie (D:9)
  An acid dragon skeleton (Crypt:1)
  3 howler monkey zombies (D:9)
  6 gnolls
  12 adders
  A shadow imp (Abyss:3)
  4 white imps
  6 ufetubi
  2 worms
  3 dart slugs
  95 orcs
  4 ball pythons
  An endoplasm (D:1)
  4 giant cockroaches
  13 goblins
  7 hobgoblins
  5 quokkas
  A river rat zombie (Crypt:3)
  5 bats
  2 frilled lizards (D:3)
  A hobgoblin skeleton (Crypt:3)
  14 kobolds
  6 rats
  3 lurking horrors
  9 starspawn tentacles
2290 creatures vanquished.

Vanquished Creatures (collateral kills)
  Xtahua (Depths:3)
  A ghost moth (Spider:4)
  A satyr (Shoals:4)
  A two-headed ogre (Zot:1)
  An orb spider (Spider:4)
  A deep troll (Vaults:2)
  A troll (D:8)
  A jumping spider (Spider:4)
  A redback (Vaults:1)
  A bullfrog (D:8)
  3 killer bees (D:8)
13 creatures vanquished.

Vanquished Creatures (others)
  A titan (shapeshifter) (Vaults:5)
  A broodmother (Spider:1)
  A very ugly thing (Vaults:5)
  A broodmother (shapeshifter) (Abyss:3)
  A deep elf death mage (Elf:1)
  A yaktaur captain (Vaults:3)
  8 great orbs of eyes
  An ice dragon (Depths:3)
  2 vault guards (Vaults:5)
  An ironbound frostheart (Vaults:2)
  A two-headed ogre (shapeshifter) (Abyss:3)
  A dancing weapon (Orc:2)
  2 deep elf knights (Elf:2)
  The ghost of NitroKuite the Skirmisher, a novice SpHu of Hepliaklqana (D:10)
  2 glowing orange brains (Abyss:3)
  A wolf spider zombie (Crypt:2)
  2 wizards
  2 ironbound convokers
  An ugly thing (Vaults:4)
  An elephant (Lair:5)
  A deep elf zephyrmancer (Elf:1)
  2 hellions
  4 vault sentinels
  An orange demon (Abyss:3)
  10 yaktaurs
  A tengu conjurer (Depths:2)
  A troll (Vaults:1)
  A polar bear (Lair:3)
  A tarantella (shapeshifter) (Depths:3)
  A raiju (Abyss:3)
  2 shadows
  25 slime creatures
  A yak (Lair:4)
  8 golden eyes (Abyss:3)
  2 redbacks (shapeshifter)
  A redback (Spider:2)
  A water moccasin (Lair:1)
  8 orc warriors
  A black bear (D:7)
  A small abomination (Abyss:3)
  An ogre (D:6)
  5 wolves
  A phantom (D:6)
  A scorpion (D:6)
  356 jellies
  A quasit (Abyss:3)
  A wolf skeleton (Crypt:3)
  A hound (D:6)
  A starcursed mass (Abyss:3)
  6 orc priests
  5 orc wizards
  6 adders
  A dart slug (D:1)
  25 orcs
  2 bats
  3 endoplasms
  A goblin (D:2)
  A hobgoblin (shapeshifter) (Vaults:5)
  A hobgoblin (D:1)
  A quokka (D:3)
  3 ball pythons (D:3)
  A frilled lizard (D:1)
  7 kobolds
  A rat (D:6)
  3 foxfires (Abyss:3)
  104 fungi
  2 lurking horrors
  267 plants
  29 starspawn tentacles
942 creatures vanquished.

Grand Total: 3245 creatures vanquished

Notes
Turn   | Place    | Note
-------+----------+-------------------------------------------
     0 | D:1      | emikaela the Gargoyle Reaver began the quest for the Orb.
     0 | D:1      | Reached XP level 1. HP: 12/12 MP: 3/3
   127 | D:1      | Reached XP level 2. HP: 18/18 MP: 5/5
   130 | D:1      | Learned a level 2 spell: Momentum Strike
   191 | D:1      | Found a faded altar of an unknown god.
   220 | D:1      | Prayed at the altar of an unknown god.
   220 | D:1      | Became a worshipper of Jiyva Jugainuo the Shapeless
   220 | D:1      | Reached * piety under Jiyva
   691 | D:2      | Reached ** piety under Jiyva
   807 | D:2      | Reached XP level 3. HP: 21/22 MP: 6/6
   906 | D:2      | Found Lezuto's General Store.
   914 | D:2      | Bought a potion of degeneration for 11 gold pieces
  1590 | D:2      | Bought a scroll of teleportation for 33 gold pieces
  1612 | D:3      | Found a glowing golden altar of the Shining One.
  1613 | D:3      | Found an ancient bone altar of Kikubaaqudgha.
  1614 | D:3      | Found a shadowy altar of Dithmenos.
  1614 | D:3      | Found an iron altar of Okawaru.
  1614 | D:3      | Found an ornate altar of the Wu Jian Council.
  1620 | D:3      | Reached *** piety under Jiyva
  1658 | D:3      | Reached skill level 1 in Translocations
  1668 | D:3      | Reached XP level 4. HP: 28/28 MP: 7/7
  1962 | D:3      | Gained mutation: You have sharp toenails. [Jiyva's grace]
  1962 | D:3      | Gained mutation: You have razor-sharp toenails. [Jiyva's
                  | grace]
  1962 | D:3      | Gained mutation: You have claws for feet. [Jiyva's grace]
  1962 | D:3      | Gained mutation: You are partially covered in large bone
                  | plates. (SH +4) [Jiyva's grace]
  2066 | D:3      | Found Teunk's Magic Scroll Emporium.
  2074 | D:3      | Bought a scroll of identify for 24 gold pieces
  2151 | D:3      | Reached **** piety under Jiyva
  2483 | D:4      | Noticed a scorpion
  2488 | D:4      | Killed a scorpion
  2489 | D:4      | Reached skill level 1 in Shields
  2489 | D:4      | Reached XP level 5. HP: 32/32 MP: 5/8
  2514 | D:4      | Reached skill level 4 in Maces & Flails
  3034 | D:5      | Entered Level 5 of the Dungeon
  3044 | D:5      | Found a radiant altar of Vehumet.
  3065 | D:5      | Reached XP level 6. HP: 38/38 MP: 9/9
  3308 | D:5      | Noticed a black bear
  3315 | D:5      | Killed a black bear
  3316 | D:5      | Reached skill level 5 in Maces & Flails
  3316 | D:5      | Reached XP level 7. HP: 43/44 MP: 10/10
  3323 | D:5      | Noticed Prince Ribbit
  3335 | D:5      | HP: 1/44 [Prince Ribbit (6)]
  3338 | D:5      | Killed Prince Ribbit
  3339 | D:5      | Reached skill level 5 in Fighting
  3363 | D:5      | Noticed Duvessa
  3363 | D:5      | Noticed Dowan
  3374 | D:5      | Killed Duvessa
  3374 | D:5      | Killed Dowan
  3375 | D:5      | Reached XP level 8. HP: 51/51 MP: 8/11
  3889 | D:5      | Lost mutation: You are partially covered in large bone
                  | plates. (SH +4) [Jiyva's grace]
  3889 | D:5      | Gained mutation: You have a beak for a mouth. [Jiyva's
                  | grace]
  3889 | D:5      | Gained mutation: Your flesh is cold resistant. (rC+)
                  | [Jiyva's grace]
  3889 | D:5      | Gained mutation: Your flesh is very cold resistant. (rC++)
                  | [Jiyva's grace]
  3889 | D:5      | Gained mutation: Your flesh is almost immune to the effects
                  | of cold. (rC+++) [Jiyva's grace]
  3950 | D:6      | Reached skill level 6 in Maces & Flails
  3953 | D:6      | Identified the +8 glaive of Ywkiotaso {heavy, *Rage rC+
                  | Dex+7}
  4039 | D:6      | Noticed a yak
  4051 | D:6      | Killed a yak
  4051 | D:6      | Noticed a yak
  4052 | D:6      | Reached skill level 5 in Shields
  4056 | D:6      | Noticed a yak
  4056 | D:6      | Noticed a yak
  4057 | D:6      | Killed a yak
  4062 | D:6      | Killed a yak
  4063 | D:6      | Killed a yak
  4385 | D:6      | Noticed a yak
  4385 | D:6      | Noticed a yak
  4394 | D:6      | Noticed a yak
  4395 | D:6      | Killed a yak
  4396 | D:6      | Reached XP level 9. HP: 49/60 MP: 12/12
  4403 | D:6      | Reached skill level 10 in Fighting
  4591 | D:6      | Found a shimmering altar of Xom.
  4739 | D:7      | Found Duureih's Assorted Antiques.
  4747 | D:7      | Bought a scroll labelled IBLUATHROME for 24 gold pieces
  4747 | D:7      | Bought a lumpy clear potion for 21 gold pieces
  4903 | D:7      | Found a staircase to the Ecumenical Temple.
  4904 | D:7      | Noticed Joseph
  4921 | D:7      | Killed Joseph
  5052 | D:7      | Reached ***** piety under Jiyva
  5143 | D:7      | Found a hazy altar of Hepliaklqana.
  5363 | D:8      | Reached XP level 10. HP: 71/72 MP: 13/13
  5911 | D:9      | Lost mutation: You have claws for feet. [Jiyva's grace]
  5911 | D:9      | Lost mutation: You have razor-sharp toenails. [Jiyva's
                  | grace]
  5911 | D:9      | Gained mutation: Your muscles are strong. (Str +4, Int/Dex
                  | -1) [Jiyva's grace]
  5911 | D:9      | Gained mutation: Your muscles are very strong. (Str +8,
                  | Int/Dex -2) [Jiyva's grace]
  5911 | D:9      | Gained mutation: You have a small jelly attached to you
                  | that senses nearby items. [Jiyva's grace]
  5911 | D:9      | Gained mutation: You are partially covered in iridescent
                  | scales. (AC +2) [Jiyva's grace]
  6388 | D:9      | Found a basalt altar of Yredelemnul.
  6409 | D:9      | Reached skill level 15 in Fighting
  6495 | D:9      | Noticed a two-headed ogre
  6512 | D:9      | Killed a two-headed ogre
  6513 | D:9      | Reached skill level 1 in Armour
  6513 | D:9      | Reached skill level 1 in Stealth
  6513 | D:9      | Reached skill level 1 in Evocations
  6513 | D:9      | Reached XP level 11. HP: 80/81 MP: 14/14
  6529 | D:10     | Entered Level 10 of the Dungeon
  6567 | D:10     | Killed NitroKuite's ghost
  6590 | D:10     | Found a staircase to the Lair.
  6662 | D:10     | Noticed a two-headed ogre
  6677 | D:10     | Killed a two-headed ogre
  6841 | D:10     | Found a runed translucent gate.
  6855 | D:10     | Found an opulent altar of Gozag.
  7052 | D:10     | Found a runed translucent gate.
  7052 | D:10     | Found a runed translucent gate.
  7259 | D:10     | Identified the +4 cloak of Gestures {rElec}
  7524 | D:10     | Found a viscous altar of Jiyva.
  7688 | D:3      | Bought a scroll of fog for 48 gold pieces
  7688 | D:3      | Bought a scroll of brand weapon for 114 gold pieces
  7688 | D:3      | Bought a scroll of poison for 48 gold pieces
  7688 | D:3      | Bought a scroll of blinking for 90 gold pieces
  7688 | D:3      | Bought a scroll of enchant weapon for 90 gold pieces
  7731 | D:2      | Bought a scroll of identify for 22 gold pieces
  7912 | Lair:1   | Entered Level 1 of the Lair of Beasts
  7971 | Lair:1   | Found a runed translucent gate.
  7971 | Lair:1   | Found a runed translucent gate.
  7972 | Lair:1   | Found a runed translucent gate.
  7972 | Lair:1   | Noticed a catoblepas
  8001 | Lair:1   | Noticed a minotaur
  8001 | Lair:1   | Noticed Sammaje's ghost (novice MiBe)
  8020 | Lair:1   | Noticed Amaemon
  8026 | Lair:1   | Killed Amaemon
  8027 | Lair:1   | Reached skill level 5 in Stealth
  8138 | Lair:1   | Lost mutation: You have a beak for a mouth. [Jiyva's grace]
  8138 | Lair:1   | Lost mutation: Your flesh is almost immune to the effects
                  | of cold. (rC+++) [Jiyva's grace]
  8138 | Lair:1   | Lost mutation: Your muscles are very strong. (Str +8,
                  | Int/Dex -2) [Jiyva's grace]
  8138 | Lair:1   | Lost mutation: Your muscles are strong. (Str +4, Int/Dex
                  | -1) [Jiyva's grace]
  8138 | Lair:1   | Gained mutation: You have supernaturally acute eyesight.
                  | (SInv) [Jiyva's grace]
  8138 | Lair:1   | Gained mutation: You have a pair of small horns on your
                  | head. [Jiyva's grace]
  8138 | Lair:1   | Gained mutation: You have a pair of horns on your head.
                  | [Jiyva's grace]
  8138 | Lair:1   | Gained mutation: You have a pair of large horns on your
                  | head. [Jiyva's grace]
  8731 | Lair:2   | Reached skill level 5 in Armour
  8770 | Lair:2   | Found a staircase to the Shoals.
  8770 | Lair:2   | Noticed a harpy
  8915 | Lair:2   | Noticed an eight-headed hydra
  8921 | Lair:2   | Killed an eight-headed hydra
  8922 | Lair:2   | Reached XP level 12. HP: 56/88 MP: 15/15
  9042 | Lair:2   | Reached skill level 5 in Evocations
  9090 | Lair:2   | Reached skill level 5 in Dodging
  9477 | Lair:3   | Reached ****** piety under Jiyva
  9750 | Lair:3   | Noticed a six-headed hydra
  9802 | Lair:3   | Gained mutation: You are covered in fur. (AC +1) [Jiyva's
                  | grace]
  9802 | Lair:3   | Gained mutation: You are covered in thick fur. (AC +2)
                  | [Jiyva's grace]
  9802 | Lair:3   | Gained mutation: Your thick and shaggy fur keeps you warm.
                  | (AC +3, rC+) [Jiyva's grace]
  9802 | Lair:3   | Gained mutation: Your melee attacks may engulf your foes in
                  | ooze. [Jiyva's grace]
  9878 | Lair:3   | Found a hole to the Spider Nest.
  9961 | Lair:3   | Reached XP level 13. HP: 92/92 MP: 16/16
 11051 | Lair:5   | Entered Level 5 of the Lair of Beasts
 11109 | Lair:5   | Found a gate leading to a gauntlet.
 11118 | Gauntlet | Entered a Gauntlet
 11118 | Gauntlet | Found a transporter.
 11118 | Gauntlet | Found a transporter.
 11118 | Gauntlet | Found a transporter.
 11128 | Gauntlet | Found a transporter.
 11131 | Gauntlet | Found a transporter.
 11140 | Gauntlet | Found a transporter.
 11144 | Gauntlet | Found a transporter.
 11149 | Gauntlet | Noticed a dire elephant
 11160 | Gauntlet | Found a transporter.
 11169 | Gauntlet | Found a transporter.
 11187 | Gauntlet | Found a transporter.
 11189 | Gauntlet | Found a transporter.
 11199 | Gauntlet | Found a transporter.
 11204 | Gauntlet | Lost mutation: You are partially covered in iridescent
                  | scales. (AC +2) [Jiyva's grace]
 11204 | Gauntlet | Lost mutation: You have supernaturally acute eyesight.
                  | (SInv) [Jiyva's grace]
 11204 | Gauntlet | Lost mutation: Your flesh is very cold resistant. (rC++)
                  | [Jiyva's grace]
 11204 | Gauntlet | Lost mutation: Your thick and shaggy fur keeps you warm.
                  | (AC +3, rC+) [Jiyva's grace]
 11204 | Gauntlet | Lost mutation: Your melee attacks may engulf your foes in
                  | ooze. [Jiyva's grace]
 11204 | Gauntlet | Gained mutation: You have hidden genetic potential.
                  | [Jiyva's grace]
 11204 | Gauntlet | Gained mutation: You have great hidden genetic potential.
                  | [Jiyva's grace]
 11204 | Gauntlet | Gained mutation: Your muscles are strong. (Str +4, Int/Dex
                  | -1) [Jiyva's grace]
 11204 | Gauntlet | Gained mutation: Your muscles are very strong. (Str +8,
                  | Int/Dex -2) [Jiyva's grace]
 11365 | Lair:5   | Reached skill level 10 in Stealth
 11729 | Lair:5   | Reached skill level 10 in Armour
 11732 | Lair:5   | Gained mutation: Your large and strong wings let you fly.
                  | [Gargoyle growth]
 11732 | Lair:5   | Reached XP level 14. HP: 93/98 MP: 17/17
 12005 | Lair:5   | Found a runed translucent door.
 12006 | Lair:5   | Noticed an azure jelly
 12007 | Lair:5   | Noticed an azure jelly
 12008 | Lair:5   | Found a staircase to the Slime Pits.
 12008 | Lair:5   | Noticed an azure jelly
 12018 | Slime:1  | Entered Level 1 of the Pits of Slime
 12044 | Slime:3  | Noticed an acid blob
 12044 | Slime:3  | Noticed an azure jelly
 12044 | Slime:3  | Noticed an acid blob
 12044 | Slime:3  | Noticed an azure jelly
 12050 | Slime:4  | Noticed an azure jelly
 12056 | Slime:5  | Entered Level 5 of the Pits of Slime
 12056 | Slime:5  | Noticed Dissolution
 12059 | Slime:5  | Noticed an acid blob
 12067 | Slime:5  | Found a viscous altar of Jiyva.
 12068 | Slime:5  | Noticed an acid blob
 12069 | Slime:5  | Noticed an acid blob
 12069 | Slime:5  | Noticed a quicksilver ooze
 12070 | Slime:5  | Noticed a quicksilver ooze
 12070 | Slime:5  | Noticed an acid blob
 12074 | Slime:5  | Got a slimy rune of Zot
 12074 | Slime:5  | Noticed the Royal Jelly
 12076 | Slime:5  | Got Eclupom's Compendium of the Icicle and Command
 12076 | Slime:5  | Noticed a quicksilver ooze
 12078 | Slime:5  | Noticed an azure jelly
 12078 | Slime:5  | Found the +6 arbalest "Damnation" {damnation}
 12079 | Slime:5  | Noticed an acid blob
 12079 | Slime:5  | Noticed a rockslime
 12083 | Slime:5  | Identified the +1 rapier of Crawling {pain, rC+ Str+3}
 12097 | Slime:5  | Identified the +7 arbalest of Judin {drain, rElec rN+
                  | Dex+3}
 12115 | Slime:5  | Noticed an acid blob
 12141 | Slime:5  | Noticed a quicksilver ooze
 12238 | Slime:5  | Noticed an azure jelly
 12290 | Slime:5  | Noticed an azure jelly
 12310 | Slime:5  | Noticed a quicksilver ooze
 12311 | Slime:5  | Noticed an acid blob
 12372 | Slime:4  | Noticed an acid blob
 12642 | Slime:3  | Noticed a quicksilver ooze
 12642 | Slime:3  | Noticed a quicksilver ooze
 12959 | Slime:2  | Noticed a rockslime
 12965 | Slime:2  | Noticed an acid blob
 13039 | Slime:2  | Noticed a rockslime
 13235 | Slime:2  | Noticed a quicksilver ooze
 13550 | Slime:1  | Noticed an acid blob
 13550 | Slime:1  | Noticed a quicksilver ooze
 13885 | Lair:5   | Reached skill level 1 in Ranged Weapons
 13956 | Lair:5   | Gained mutation: You are partially covered in large bone
                  | plates. (SH +4) [hidden potential]
 14251 | D:11     | Found a stormy altar of Qazlal.
 14274 | D:11     | You are sucked into a shaft and drop 1 floor!
 14385 | D:12     | Found Seulaviu's Armour Shoppe.
 14742 | D:11     | Was placed under penance by Jiyva
 14889 | D:11     | Was forgiven by Jiyva
 14889 | D:11     | Lost mutation: You have sharp toenails. [Jiyva's grace]
 14889 | D:11     | Lost mutation: You are covered in thick fur. (AC +2)
                  | [Jiyva's grace]
 14889 | D:11     | Lost mutation: Your muscles are very strong. (Str +8,
                  | Int/Dex -2) [Jiyva's grace]
 14889 | D:11     | Gained mutation: You have a small jelly attached to you
                  | that may absorb projectiles. [Jiyva's grace]
 14889 | D:11     | Gained mutation: Armour fits poorly on your pseudopods.
                  | [Jiyva's grace]
 14889 | D:11     | Gained mutation: Armour fits poorly on your large
                  | pseudopods. [Jiyva's grace]
 14889 | D:11     | Gained mutation: Armour fits poorly on your massive
                  | pseudopods. [Jiyva's grace]
 14999 | D:12     | Found a staircase to the Orcish Mines.
 15687 | Orc:1    | Entered Level 1 of the Orcish Mines
 15856 | Orc:2    | Entered Level 2 of the Orcish Mines
 15856 | Orc:2    | Found a staircase to the Elven Halls.
 16012 | Orc:2    | Noticed an orc warlord
 16021 | Orc:2    | Killed an orc warlord
 16052 | Orc:1    | Noticed Harold
 16056 | Orc:1    | Killed Harold
 16068 | Orc:2    | Reached skill level 10 in Evocations
 16095 | Orc:2    | Reached skill level 5 in Ranged Weapons
 16514 | Orc:1    | Reached XP level 15. HP: 49/103 MP: 18/18
 16601 | Orc:1    | Found Bocumod's General Store.
 16609 | Orc:1    | Bought a scroll of magic mapping for 97 gold pieces
 16609 | Orc:1    | Bought a scroll of immolation for 52 gold pieces
 16792 | Orc:2    | Found Siv Qogi's Antique Armour Shoppe.
 16793 | Orc:2    | Found Plog's Antique Weapon Shoppe.
 16795 | Orc:2    | Found Tooggaim's General Store.
 16795 | Orc:2    | Found Estok's Book Emporium.
 16800 | Orc:2    | Bought a scroll of enchant armour for 97 gold pieces
 16800 | Orc:2    | Bought a scroll of noise for 13 gold pieces
 17462 | D:13     | Noticed Nessos
 17469 | D:13     | Killed Nessos
 17494 | D:13     | Gained mutation: You are partially covered in iridescent
                  | scales. (AC +2) [hidden potential]
 17494 | D:13     | Lost mutation: You have great hidden genetic potential.
                  | [hidden potential expressed]
 17846 | D:13     | Reached skill level 10 in Ranged Weapons
 18009 | D:14     | Identified Roxanne's Treatise on the Mantle
 18009 | D:14     | Noticed Roxanne
 18025 | D:14     | Killed Roxanne
 18089 | D:14     | Lost mutation: You have a pair of large horns on your head.
                  | [Jiyva's grace]
 18089 | D:14     | Lost mutation: You are partially covered in large bone
                  | plates. (SH +4) [Jiyva's grace]
 18089 | D:14     | Lost mutation: Your muscles are strong. (Str +4, Int/Dex
                  | -1) [Jiyva's grace]
 18089 | D:14     | Lost mutation: You have hidden genetic potential. [Jiyva's
                  | grace]
 18089 | D:14     | Gained mutation: You are covered in slimy tendrils that may
                  | disarm your opponents. [Jiyva's grace]
 18089 | D:14     | Gained mutation: Your spells are a little harder to cast,
                  | but a little more powerful. [Jiyva's grace]
 18089 | D:14     | Gained mutation: Your spells are harder to cast, but more
                  | powerful. [Jiyva's grace]
 18089 | D:14     | Gained mutation: Your spells are much harder to cast, but
                  | much more powerful. [Jiyva's grace]
 18318 | D:14     | Noticed Azrael
 18335 | D:14     | Killed Azrael
 18367 | D:14     | Found a shadowy altar of Dithmenos.
 18401 | D:14     | Noticed Rupert
 18415 | D:14     | Killed Rupert
 18592 | D:14     | Got Hermeneutics Continued
 18593 | D:14     | Found a gate to the Vaults.
 18690 | D:15     | Entered Level 15 of the Dungeon
 18872 | D:15     | Found a staircase to the Depths.
 18943 | D:15     | Reached XP level 16. HP: 108/108 MP: 19/19
 19172 | D:15     | Found a runed translucent gate.
 19173 | D:15     | Found a runed translucent gate.
 19174 | D:15     | Found a runed translucent gate.
 19175 | D:15     | Noticed a sphinx
 19182 | D:15     | Identified the ring "Diqicuirgh" {rN+ Str+3}
 19182 | D:15     | Noticed Vuirau's ghost (journeyman DsGl)
 19552 | Shoals:1 | Entered Level 1 of the Shoals
 19895 | Shoals:1 | Found a runed translucent door.
 20466 | Shoals:1 | Found a corrupted altar of Lugonu.
 20466 | Shoals:1 | Found a one-way gate to the infinite horrors of the Abyss.
 20575 | Shoals:2 | Lost mutation: You are partially covered in iridescent
                  | scales. (AC +2) [Jiyva's grace]
 20575 | Shoals:2 | Lost mutation: Armour fits poorly on your massive
                  | pseudopods. [Jiyva's grace]
 20575 | Shoals:2 | Gained mutation: You are somewhat resistant to further
                  | mutation. [Jiyva's grace]
 20575 | Shoals:2 | Gained mutation: You are somewhat resistant to both further
                  | mutation and mutation removal. [Jiyva's grace]
 20575 | Shoals:2 | Gained mutation: You are almost entirely resistant to
                  | further mutation and mutation removal. [Jiyva's grace]
 20575 | Shoals:2 | Gained mutation: You expend magic power (3 MP) to
                  | strengthen your wands. [Jiyva's grace]
 20640 | Shoals:2 | Reached skill level 15 in Ranged Weapons
 21355 | Shoals:3 | Found Zaqidaf's Gadget Gallery.
 21546 | Shoals:3 | Found Quurr's Armour Emporium.
 22190 | Shoals:3 | Bought a wand of iceblast (5) for 180 gold pieces
 22207 | Shoals:4 | Entered Level 4 of the Shoals
 22411 | Shoals:4 | Reached XP level 17. HP: 96/113 MP: 20/20
 22711 | Shoals:4 | Noticed a sphinx
 22717 | Shoals:4 | Killed a sphinx
 23273 | Shoals:4 | Noticed a sphinx
 23277 | Shoals:4 | Killed a sphinx
 23320 | Shoals:4 | Got the Encyclopedia of the Combative Tesseract
 23323 | Shoals:4 | Got a barnacled rune of Zot
 23352 | Shoals:4 | Identified the amulet of Diohat {RegenMP rC+ Will+ Int+2
                  | Stlth-}
 23633 | Spider:1 | Entered Level 1 of the Spider Nest
 23940 | Spider:1 | Lost mutation: You have a pair of horns on your head.
                  | [Jiyva's grace]
 23940 | Spider:1 | Lost mutation: You are almost entirely resistant to further
                  | mutation and mutation removal. [Jiyva's grace]
 23940 | Spider:1 | Lost mutation: Your spells are much harder to cast, but
                  | much more powerful. [Jiyva's grace]
 23940 | Spider:1 | Lost mutation: You are covered in slimy tendrils that may
                  | disarm your opponents. [Jiyva's grace]
 23940 | Spider:1 | Gained mutation: Your translucent skin slightly reduces
                  | your foes' accuracy. (Stealth+) [Jiyva's grace]
 23940 | Spider:1 | Gained mutation: Your translucent skin reduces your foes'
                  | accuracy. (Stealth+) [Jiyva's grace]
 23940 | Spider:1 | Gained mutation: Your transparent skin significantly
                  | reduces your foes' accuracy. (Stealth+) [Jiyva's grace]
 23940 | Spider:1 | Gained mutation: Your natural rate of healing is unusually
                  | fast. [Jiyva's grace]
 25756 | Spider:3 | Reached XP level 18. HP: 121/121 MP: 21/21
 26240 | Spider:4 | Entered Level 4 of the Spider Nest
 26244 | Spider:4 | Noticed Mara
 26355 | Spider:4 | Killed Mara
 26356 | Spider:4 | Reached skill level 10 in Dodging
 26570 | Spider:4 | Noticed Bai Suzhen
 26582 | Spider:4 | Killed Bai Suzhen
 26604 | Spider:4 | Lost mutation: Armour fits poorly on your large pseudopods.
                  | [Jiyva's grace]
 26604 | Spider:4 | Lost mutation: Armour fits poorly on your pseudopods.
                  | [Jiyva's grace]
 26604 | Spider:4 | Lost mutation: Your transparent skin significantly reduces
                  | your foes' accuracy. (Stealth+) [Jiyva's grace]
 26604 | Spider:4 | Gained mutation: Your mind is acute. (Int +4, Str/Dex -1)
                  | [Jiyva's grace]
 26604 | Spider:4 | Gained mutation: Your mind is very acute. (Int +8, Str/Dex
                  | -2) [Jiyva's grace]
 26604 | Spider:4 | Gained mutation: You heal very quickly. [Jiyva's grace]
 26604 | Spider:4 | Gained mutation: You regenerate. [Jiyva's grace]
 27976 | Spider:4 | Got a gossamer rune of Zot
 28255 | Elf:1    | Entered Level 1 of the Elven Halls
 28573 | Vaults:1 | Entered Level 1 of the Vaults
 28659 | Vaults:1 | Identified the +6 leather armour "Setugror" {rElec rCorr
                  | Int-2 Dex+3}
 28688 | Vaults:1 | Found a flickering gateway to a bazaar.
 28707 | Bazaar   | Entered a bazaar
 28709 | Bazaar   | Found Jeiwac's Armour Boutique.
 28713 | Bazaar   | Found Jyos's Assorted Antiques.
 28713 | Bazaar   | Found Dykk's Weapon Boutique.
 28714 | Bazaar   | Found Ateorch's Distillery.
 28724 | Bazaar   | Bought a scroll labelled FAANI SEICKOWN for 18 gold pieces
 28745 | Bazaar   | Bought a potion of heal wounds for 45 gold pieces
 28745 | Bazaar   | Bought a potion of invisibility for 72 gold pieces
 28745 | Bazaar   | Bought a potion of heal wounds for 45 gold pieces
 28745 | Bazaar   | Bought a potion of mutation for 72 gold pieces
 28758 | Bazaar   | Bought the +1 pair of gloves of Articulation {+Inv Int+2}
                  | for 166 gold pieces
 28771 | Bazaar   | Bought a scroll of teleportation for 54 gold pieces
 28771 | Bazaar   | Bought a scroll of teleportation for 54 gold pieces
 28776 | Bazaar   | Bought a potion of curing for 27 gold pieces
 28776 | Bazaar   | Bought a potion of curing for 27 gold pieces
 29079 | Vaults:1 | Identified the orb of the Other Side {mayhem, rC+}
 29307 | Vaults:1 | Reached XP level 19. HP: 128/128 MP: 22/22
 29998 | Vaults:1 | HP: 1/129 [orc warlord/+0 great sword (12)]
 30510 | Vaults:2 | Identified the amulet "Lexiust" {Reflect Harm rF+ Regen+
                  | rCorr SH+5}
 30628 | Vaults:2 | Lost mutation: Your mind is very acute. (Int +8, Str/Dex
                  | -2) [Jiyva's grace]
 30628 | Vaults:2 | Lost mutation: You regenerate. [Jiyva's grace]
 30628 | Vaults:2 | Lost mutation: You are covered in fur. (AC +1) [Jiyva's
                  | grace]
 30628 | Vaults:2 | Lost mutation: You have a small jelly attached to you that
                  | senses nearby items. [Jiyva's grace]
 30628 | Vaults:2 | Lost mutation: You expend magic power (3 MP) to strengthen
                  | your wands. [Jiyva's grace]
 30628 | Vaults:2 | Gained mutation: You have sharp fingernails. [Jiyva's
                  | grace]
 30628 | Vaults:2 | Gained mutation: You have very sharp fingernails. [Jiyva's
                  | grace]
 30628 | Vaults:2 | Gained mutation: You have claws for hands. [Jiyva's grace]
 30628 | Vaults:2 | Gained mutation: Your flesh is heat resistant. (rF+)
                  | [Jiyva's grace]
 30645 | Vaults:2 | Found a crumbling gateway.
 30649 | Desolati | Entered the Desolation of Salt
 31038 | Desolati | Identified the +4 falchion of the Fool {holy, Contam rElec
                  | rC+ Str+9}
 31331 | Desolati | Got the Discourse on the Exothermic Shift
 31512 | Desolati | Identified the +10 short sword "Busa" {heavy, rC+}
 31839 | Vaults:2 | Reached skill level 15 in Armour
 32053 | Vaults:2 | Found a staircase to the Crypt.
 32091 | Vaults:2 | Reached XP level 20. HP: 136/136 MP: 23/23
 32096 | Vaults:2 | Learned a level 3 spell: Portal Projectile
 32102 | Vaults:2 | Learned a level 5 spell: Silence
 32118 | Vaults:2 | Learned a level 5 spell: Summon Mana Viper
 32405 | Vaults:2 | Learned a level 3 spell: Dazzling Flash
 32408 | Vaults:2 | Learned a level 2 spell: Passwall
 32945 | Vaults:3 | Reached skill level 1 in Earth Magic
 32967 | Vaults:3 | Reached skill level 1 in Hexes
 32967 | Vaults:3 | Reached skill level 1 in Summonings
 32970 | Vaults:3 | Reached skill level 1 in Transmutations
 33650 | Vaults:3 | Lost mutation: You have a pair of small horns on your head.
                  | [Jiyva's grace]
 33650 | Vaults:3 | Lost mutation: Your mind is acute. (Int +4, Str/Dex -1)
                  | [Jiyva's grace]
 33650 | Vaults:3 | Lost mutation: Your flesh is cold resistant. (rC+) [Jiyva's
                  | grace]
 33650 | Vaults:3 | Lost mutation: You are somewhat resistant to both further
                  | mutation and mutation removal. [Jiyva's grace]
 33650 | Vaults:3 | Gained mutation: You are somewhat resistant to both further
                  | mutation and mutation removal. [Jiyva's grace]
 33650 | Vaults:3 | Gained mutation: You are almost entirely resistant to
                  | further mutation and mutation removal. [Jiyva's grace]
 33650 | Vaults:3 | Gained mutation: Your transparent skin significantly
                  | reduces your foes' accuracy. (Stealth+) [Jiyva's grace]
 33650 | Vaults:3 | Gained mutation: Your mind is acute. (Int +4, Str/Dex -1)
                  | [Jiyva's grace]
 33785 | Vaults:3 | Found Axtof's Weapon Boutique.
 34437 | Orc:2    | Bought a book of Spatial Translocations for 288 gold pieces
 34440 | Orc:2    | Learned a level 2 spell: Blink
 35142 | Vaults:4 | Found Dascheku's Distillery.
 35479 | Vaults:4 | Reached skill level 5 in Earth Magic
 35541 | Vaults:4 | Reached skill level 5 in Translocations
 35819 | Vaults:4 | Reached skill level 5 in Hexes
 35848 | Vaults:4 | Reached XP level 21. HP: 141/141 MP: 27/27
 36376 | Depths:1 | Entered Level 1 of the Depths
 36530 | Depths:1 | Found a broken altar of Ashenzari.
 36608 | Depths:1 | Reached skill level 15 in Evocations
 36849 | Depths:1 | Reached skill level 1 in Air Magic
 36889 | Depths:1 | Found a portal to a secret trove of treasure.
 37120 | Depths:1 | Found a gateway to Hell.
 37419 | Depths:2 | Found a one-way gateway to a ziggurat.
 37527 | Depths:2 | Was placed under penance by Jiyva
 37539 | Depths:2 | Found Huph's Armour Emporium.
 37639 | Depths:2 | Was forgiven by Jiyva
 37698 | Depths:2 | Reached skill level 5 in Spellcasting
 38008 | Depths:2 | Lost mutation: You have claws for hands. [Jiyva's grace]
 38008 | Depths:2 | Lost mutation: You have very sharp fingernails. [Jiyva's
                  | grace]
 38008 | Depths:2 | Lost mutation: Your spells are harder to cast, but more
                  | powerful. [Jiyva's grace]
 38008 | Depths:2 | Lost mutation: You have a small jelly attached to you that
                  | may absorb projectiles. [Jiyva's grace]
 38008 | Depths:2 | Gained mutation: You are partially covered in large bone
                  | plates. (SH +4) [Jiyva's grace]
 38008 | Depths:2 | Gained mutation: You are mostly covered in large bone
                  | plates. (SH +6) [Jiyva's grace]
 38008 | Depths:2 | Gained mutation: You are completely covered in large bone
                  | plates. (SH +8) [Jiyva's grace]
 38008 | Depths:2 | Gained mutation: You have an increased reservoir of magic.
                  | (+10% MP) [Jiyva's grace]
 38264 | Depths:2 | Found a one-way gate leading to the halls of Pandemonium.
 38703 | Depths:2 | Reached skill level 5 in Summonings
 39017 | Depths:3 | Reached XP level 22. HP: 128/147 MP: 35/35
 39028 | Depths:3 | Noticed Grunn
 39330 | Depths:3 | Killed Grunn
 39331 | Depths:3 | Reached skill level 5 in Air Magic
 40180 | Depths:4 | Entered Level 4 of the Depths
 40320 | Depths:3 | Reached skill level 10 in Hexes
 40490 | Depths:4 | Identified the +5 short sword of the Lettuce {flame, rC-
                  | rN+++ Will+++}
 40512 | Depths:4 | Noticed Xtahua
 40542 | Depths:3 | Killed Xtahua
 41276 | Depths:4 | Lost mutation: You are completely covered in large bone
                  | plates. (SH +8) [Jiyva's grace]
 41276 | Depths:4 | Lost mutation: You have an increased reservoir of magic.
                  | (+10% MP) [Jiyva's grace]
 41276 | Depths:4 | Lost mutation: You are almost entirely resistant to further
                  | mutation and mutation removal. [Jiyva's grace]
 41276 | Depths:4 | Lost mutation: Your transparent skin significantly reduces
                  | your foes' accuracy. (Stealth+) [Jiyva's grace]
 41276 | Depths:4 | Gained mutation: You have large cloven feet. [Jiyva's
                  | grace]
 41276 | Depths:4 | Gained mutation: You have hoof-like feet. [Jiyva's grace]
 41276 | Depths:4 | Gained mutation: You have hooves in place of feet. [Jiyva's
                  | grace]
 41276 | Depths:4 | Gained mutation: You are partially covered in iridescent
                  | scales. (AC +2) [Jiyva's grace]
 41425 | Depths:4 | Reached XP level 23. HP: 152/152 MP: 35/35
 41444 | Depths:4 | Found a gate to the Realm of Zot.
 41475 | Depths:4 | Found Hiom's Armour Boutique.
 41751 | Elf:1    | Found Poegubaw's Distillery.
 42008 | Elf:1    | Bought a potion of lignification for 39 gold pieces
 42008 | Elf:1    | Bought a potion of heal wounds for 65 gold pieces
 42512 | Elf:2    | Paralysed by an air elemental for 1 turns
 42515 | Elf:2    | Paralysed by an air elemental for 1 turns
 42518 | Elf:1    | Paralysed by an air elemental for 1 turns
 42772 | Elf:2    | Noticed Donald
 42787 | Elf:2    | Killed Donald
 42920 | Elf:2    | Found a runed translucent gate.
 42920 | Elf:2    | Found a runed translucent gate.
 42920 | Elf:2    | Found a runed translucent gate.
 43070 | Elf:2    | Noticed Jorgrun
 43088 | Elf:2    | Killed Jorgrun
 43164 | Elf:2    | Was placed under penance by Jiyva
 43404 | Elf:2    | Was forgiven by Jiyva
 43653 | Elf:3    | Entered Level 3 of the Elven Halls
 43697 | Elf:3    | Lost mutation: You have hooves in place of feet. [Jiyva's
                  | grace]
 43697 | Elf:3    | Lost mutation: You are somewhat resistant to both further
                  | mutation and mutation removal. [Jiyva's grace]
 43697 | Elf:3    | Lost mutation: You are somewhat resistant to further
                  | mutation. [Jiyva's grace]
 43697 | Elf:3    | Gained mutation: You have a pair of small antennae on your
                  | head. [Jiyva's grace]
 43697 | Elf:3    | Gained mutation: You have a pair of antennae on your head.
                  | [Jiyva's grace]
 43697 | Elf:3    | Gained mutation: You have a pair of large antennae on your
                  | head. (SInv) [Jiyva's grace]
 43697 | Elf:3    | Gained mutation: You are somewhat resistant to further
                  | mutation. [Jiyva's grace]
 43795 | Elf:3    | Noticed Nikola
 43836 | Elf:3    | Noticed Asterion
 43855 | Elf:3    | Killed Asterion
 43869 | Elf:3    | Killed Nikola
 44524 | Elf:3    | Reached XP level 24. HP: 157/157 MP: 36/36
 44636 | Elf:3    | Identified the orb of Temperance {guile, rF+ Regen+}
 44905 | Elf:3    | Identified the ring "Hasygaliu" {rCorr Int+6}
 44913 | Elf:3    | Identified the staff of earth "Ynarph" {Will+}
 44960 | Elf:3    | Identified the staff of cold "Raamop" {rC+ Will+ Dex+3
                  | Stlth+}
 44972 | Elf:3    | Got Hilitz Oteo's Quarto of Nauseating Mustering
 44977 | Elf:3    | Identified the staff of fire "Dyvuleyn" {rF+ Str+4 Int+3
                  | SInv Stlth-}
 44981 | Elf:3    | Got Houto's Grimoire of the Virous Gargoyle
 44983 | Elf:3    | Identified the +8 shadow dragon scales of the Nine Brambles
                  | {rElec Will- Int+3 SInv Stlth++++}
 44988 | Elf:3    | Identified the +1 leather armour of Nerod {rN+ Dex+6}
 45374 | Crypt:1  | Entered Level 1 of the Crypt
 45477 | Crypt:1  | Reached skill level 7 in Maces & Flails
 45595 | Crypt:1  | Noticed Saint Roka
 45613 | Crypt:1  | Killed Saint Roka
 45669 | Crypt:1  | Identified the +7 glaive "Kuorphi" {spect, rPois MP-9 Str-3
                  | SInv}
 45805 | Crypt:1  | Reached skill level 8 in Maces & Flails
 46466 | Crypt:2  | Reached skill level 9 in Maces & Flails
 46489 | Crypt:2  | Lost mutation: You have a pair of large antennae on your
                  | head. (SInv) [Jiyva's grace]
 46489 | Crypt:2  | Lost mutation: You are partially covered in iridescent
                  | scales. (AC +2) [Jiyva's grace]
 46489 | Crypt:2  | Lost mutation: You are somewhat resistant to further
                  | mutation. [Jiyva's grace]
 46489 | Crypt:2  | Gained mutation: Your transparent skin significantly
                  | reduces your foes' accuracy. (Stealth+) [Jiyva's grace]
 46489 | Crypt:2  | Gained mutation: You have hooves in place of feet. [Jiyva's
                  | grace]
 46489 | Crypt:2  | Gained mutation: Your mind is very acute. (Int +8, Str/Dex
                  | -2) [Jiyva's grace]
 46489 | Crypt:2  | Gained mutation: You have a small jelly attached to you
                  | that may absorb projectiles. [Jiyva's grace]
 46646 | Crypt:2  | Was placed under penance by Jiyva
 46794 | Crypt:2  | Was forgiven by Jiyva
 47200 | Crypt:3  | Entered Level 3 of the Crypt
 47288 | Crypt:3  | Reached skill level 10 in Maces & Flails
 47288 | Crypt:3  | Reached skill level 15 in Stealth
 47395 | Crypt:3  | Was placed under penance by Jiyva
 47429 | Crypt:3  | Was forgiven by Jiyva
 47854 | Crypt:3  | Noticed a curse toe
 47864 | Crypt:3  | Killed a curse toe
 47865 | Crypt:3  | Reached skill level 11 in Maces & Flails
 48147 | Crypt:3  | Noticed a dread lich
 48152 | Crypt:3  | Killed a dread lich
 48349 | Crypt:3  | Found a staircase to the Tomb.
 48467 | Crypt:3  | Reached skill level 12 in Maces & Flails
 48472 | Crypt:3  | Identified the +8 whip of Dohuryim {flame, Drain rElec
                  | Dex+4}
 48797 | Depths:3 | Voluntarily entered the Abyss.
 48810 | Abyss:1  | Found a corrupted altar of Lugonu.
 48902 | Abyss:1  | Found a corrupted altar of Lugonu.
 49036 | Abyss:1  | Reached XP level 25. HP: 163/163 MP: 36/36
 49145 | Abyss:2  | Lost mutation: You are mostly covered in large bone plates.
                  | (SH +6) [Jiyva's grace]
 49145 | Abyss:2  | Lost mutation: Your spells are a little harder to cast, but
                  | a little more powerful. [Jiyva's grace]
 49145 | Abyss:2  | Lost mutation: Your transparent skin significantly reduces
                  | your foes' accuracy. (Stealth+) [Jiyva's grace]
 49145 | Abyss:2  | Gained mutation: You are partially covered in iridescent
                  | scales. (AC +2) [Jiyva's grace]
 49145 | Abyss:2  | Gained mutation: You are mostly covered in iridescent
                  | scales. (AC +4) [Jiyva's grace]
 49145 | Abyss:2  | Gained mutation: You are completely covered in iridescent
                  | scales. (AC +6) [Jiyva's grace]
 49145 | Abyss:2  | Gained mutation: You have a pair of large antennae on your
                  | head. (SInv) [Jiyva's grace]
 49213 | Abyss:2  | Found a corrupted altar of Lugonu.
 49241 | Abyss:2  | Found a corrupted altar of Lugonu.
 49277 | Abyss:2  | Reached skill level 13 in Maces & Flails
 49327 | Abyss:3  | Found a corrupted altar of Lugonu.
 49437 | Abyss:3  | Paralysed by accursed screaming for 1 turns
 49458 | Abyss:3  | Paralysed by accursed screaming for 2 turns
 49470 | Abyss:3  | Lost mutation: Your mind is very acute. (Int +8, Str/Dex
                  | -2) [a neqoxec]
 49474 | Abyss:3  | Gained mutation: Your spells are a little easier to cast,
                  | but a little less powerful. [a neqoxec]
 49505 | Abyss:3  | Found a corrupted altar of Lugonu.
 49509 | Abyss:3  | Found a corrupted altar of Lugonu.
 49514 | Abyss:3  | Found a corrupted altar of Lugonu.
 49514 | Abyss:3  | Found a corrupted altar of Lugonu.
 49571 | Abyss:3  | Reached skill level 14 in Maces & Flails
 49757 | Abyss:3  | Found a corrupted altar of Lugonu.
 50001 | Abyss:3  | Reached skill level 15 in Maces & Flails
 50006 | Abyss:3  | Paralysed by accursed screaming for 1 turns
 50026 | Abyss:3  | Found a corrupted altar of Lugonu.
 50041 | Abyss:3  | Found a corrupted altar of Lugonu.
 50041 | Abyss:3  | Found a corrupted altar of Lugonu.
 50214 | Abyss:3  | Found a runed translucent door.
 50214 | Abyss:3  | Found a runed translucent door.
 50215 | Abyss:3  | Found a runed translucent door.
 50216 | Abyss:3  | Found a runed translucent door.
 50217 | Abyss:3  | Found a runed translucent door.
 50217 | Abyss:3  | Found a runed translucent door.
 50223 | Abyss:3  | Found a runed translucent door.
 50224 | Abyss:3  | Found a runed translucent door.
 50224 | Abyss:3  | Found a runed translucent door.
 50233 | Abyss:3  | Found a runed translucent door.
 50244 | Abyss:3  | Found a runed translucent door.
 50245 | Abyss:3  | Found a runed translucent door.
 50260 | Abyss:3  | Found a runed translucent door.
 50266 | Abyss:3  | Found a runed translucent door.
 50274 | Abyss:3  | Found a runed translucent door.
 50274 | Abyss:3  | Found a corrupted altar of Lugonu.
 50280 | Abyss:3  | Found a runed translucent door.
 50280 | Abyss:3  | Found a runed translucent door.
 50281 | Abyss:3  | Found a runed translucent door.
 50285 | Abyss:3  | Reached skill level 16 in Maces & Flails
 50287 | Abyss:3  | Found a runed translucent door.
 50299 | Abyss:3  | Got an abyssal rune of Zot
 50311 | Abyss:3  | Found a runed translucent door.
 50311 | Abyss:3  | Found a runed translucent door.
 50313 | Abyss:3  | Gained mutation: You are weak. (Str -2) [a neqoxec]
 50315 | Abyss:3  | Found a runed translucent door.
 50316 | Abyss:3  | Found a runed translucent door.
 50317 | Abyss:3  | Found a runed translucent door.
 50318 | Abyss:3  | Found a runed translucent door.
 50323 | Abyss:3  | Found a runed translucent door.
 50352 | Abyss:3  | Lost mutation: You are weak. (Str -2) [a neqoxec]
 50364 | Abyss:3  | Paralysed by accursed screaming for 1 turns
 50373 | Abyss:3  | Paralysed by accursed screaming for 1 turns
 50391 | Abyss:3  | Noticed a dread lich
 50399 | Abyss:3  | Was placed under penance by Jiyva
 50408 | Abyss:3  | Killed a dread lich
 50411 | Depths:3 | Escaped the Abyss
 50685 | Vaults:5 | Entered Level 5 of the Vaults
 50685 | Vaults:5 | Noticed a dread lich
 50690 | Vaults:5 | Killed a dread lich
 50700 | Vaults:5 | Reached skill level 17 in Maces & Flails
 50740 | Vaults:5 | Identified the ring of Lozxoud {rElec rCorr MP+9 Int-5
                  | SInv}
 50761 | Vaults:5 | Identified the +0 chain mail "Bunaxzath" {rPois Str+2}
 50810 | Vaults:5 | Noticed a dread lich
 50820 | Vaults:5 | Killed a dread lich
 50850 | Vaults:5 | Noticed Sojobo
 50858 | Vaults:5 | Paralysed by an air elemental for 1 turns
 50868 | Vaults:5 | Killed Sojobo
 50912 | Vaults:5 | Reached skill level 18 in Maces & Flails
 50912 | Vaults:5 | Reached XP level 26. HP: 95/168 MP: 36/36
 50914 | Vaults:5 | Identified the amulet "Ejaulut" {Faith +Blink Regen+ Dex+7}
 50918 | Vaults:5 | Noticed a dread lich
 50919 | Vaults:5 | Paralysed by a dread lich for 4 turns
 50966 | Vaults:5 | Paralysed by a dread lich for 4 turns
 50974 | Vaults:5 | Killed a dread lich
 50975 | Vaults:5 | Reached skill level 19 in Maces & Flails
 50979 | Abyss:3  | Cast into level 3 of the Abyss (a deep elf sorcerer)
 51016 | Abyss:3  | Was forgiven by Jiyva
 51017 | Abyss:3  | Found a corrupted altar of Lugonu.
 51074 | Abyss:3  | Found a corrupted altar of Lugonu.
 51170 | Abyss:3  | Paralysed by an air elemental for 1 turns
 51261 | Abyss:3  | Found a corrupted altar of Lugonu.
 51271 | Vaults:5 | Escaped the Abyss
 51340 | Vaults:5 | Identified the staff of death "Ituribon" {rN+ Will+ Int+5
                  | Stlth+}
 51392 | Vaults:5 | Found the ring of the Tortoise {AC+8}
 51476 | Vaults:5 | Reached skill level 20 in Maces & Flails
 51529 | Vaults:5 | Identified the +1 cloak of Wu Jian's Hope {Rampage Slay+5}
 51575 | Vaults:5 | Identified the +8 quick blade of the Original Sin {flame,
                  | rC- Str+6 Dex+2}
 51643 | Vaults:5 | Lost mutation: You have a pair of large antennae on your
                  | head. (SInv) [Jiyva's grace]
 51643 | Vaults:5 | Lost mutation: You have a pair of antennae on your head.
                  | [Jiyva's grace]
 51643 | Vaults:5 | Lost mutation: You have hooves in place of feet. [Jiyva's
                  | grace]
 51643 | Vaults:5 | Lost mutation: You are completely covered in iridescent
                  | scales. (AC +6) [Jiyva's grace]
 51643 | Vaults:5 | Lost mutation: Your flesh is heat resistant. (rF+) [Jiyva's
                  | grace]
 51643 | Vaults:5 | Lost mutation: Your translucent skin reduces your foes'
                  | accuracy. (Stealth+) [Jiyva's grace]
 51643 | Vaults:5 | Gained mutation: You are completely covered in iridescent
                  | scales. (AC +6) [Jiyva's grace]
 51643 | Vaults:5 | Gained mutation: Armour fits poorly on your pseudopods.
                  | [Jiyva's grace]
 51643 | Vaults:5 | Gained mutation: Armour fits poorly on your large
                  | pseudopods. [Jiyva's grace]
 51643 | Vaults:5 | Gained mutation: Armour fits poorly on your massive
                  | pseudopods. [Jiyva's grace]
 51653 | Vaults:5 | Found the +9 sword of Zonguldrok {reap}
 51657 | Vaults:5 | Got a silver rune of Zot
 51667 | Vaults:5 | Identified the +0 pair of gloves "Zefiw" {rN+ Dex+5}
 52495 | Depths:1 | You showed the abyssal rune of Zot to enter a treasure
                  | trove
 52496 | Trove    | Entered a treasure trove
 52509 | Trove    | Identified the +4 mace of Desertification {drain, rC+ Str-3
                  | Int+3}
 52514 | Trove    | Identified the ring of Miyxzoa {rF+ rCorr MP+9 Dex+4 SInv}
 52519 | Trove    | Identified the amulet "Tiles" {Reflect rPois rF- Will+++
                  | Regen+ SH+5}
 52680 | Zot:1    | Entered Level 1 of the Realm of Zot
 53145 | Zot:1    | Identified the +1 broad axe of the Enemy {venom, rPois rN+
                  | Str-4}
 53560 | Zot:1    | Reached XP level 27. HP: 102/175 MP: 36/36
 53916 | Zot:2    | HP: 6/163 [red draconian scorcher/bolt of magma[a white
                  | draconian stormcaller] (43)]
 53916 | Zot:2    | Killed from afar by a black draconian knight

Illustrated notes

Levels and vault maps discovered:
D:1:      mrwooster_arrival_arrow, layout_basic,
          chequers_ecumenical_altar_island
D:2:      layout_basic, serial_shops, shop
D:3:      cheibrodos_greedy_goblins, layout_basic, grunt_temple_overflow_open,
          serial_shops, shop, chequers_serial_rivers_micro_c
D:4:      layout_gridville, minmay_misc_feat_four_crosses, skrybe_limestone_x
D:5:      layout_basic, mainiacjoe_overflow_brackets, hangedman_decor_slide_cut,
          uniq_prince_ribbit1, uniq_duvessa
D:6:      layout_basic, tgw_xom, grunt_ministairs_10
D:7:      layout_loops_ring, nzn_hepliaklqana_mist_gate,
          minmay_temple_entry_mini_moons, serial_shops, nicolae_stop_n_shop_1,
          uniq_joseph
D:8:      layout_rooms, serial_aquarium, aquarium_bridge_straight
          [aquarium_subvault_bridge, aquarium_subvault_balcony,
          aquarium_subvault_bridge, aquarium_subvault_window],
          aquarium_bridge_straight [aquarium_subvault_bridge,
          aquarium_subvault_window, aquarium_subvault_bridge,
          aquarium_subvault_balcony], aquarium_window_fake,
          aquarium_window_fake, aquarium_window_1, aquarium_window_3,
          aquarium_view_2c, aquarium_view_2f, aquarium_balcony_3a,
          reono_crystal_passage
D:9:      layout_basic, nicolae_yredelemnul_corpse_copse
D:10:     minmay_polygon_palace, layout_basic, mainiacjoe_overflow_catwalk,
          david_lair_shrubbed, gammafunk_ghost_ooze, special_room
          [special_room_orc]
D:11:     layout_loops_ring, nicolae_qazlal_scattered_showers
D:12:     layout_stronghold, orc_0_dummy, serial_shops, kennysheep_mini_moat
D:13:     minmay_inner_zag, layout_rooms, minmay_unpleasant_kobolds, uniq_nessos
D:14:     layout_basic, david_vaults_5, grunt_dithmenos_shadows, uniq_rupert,
          uniq_azrael, uniq_roxanne
D:15:     grunt_enter_depths_magical_seal, layout_basic, nicolae_wwwww,
          gammafunk_ghost_split
Lair:1:   layout_loops_ring, maelrawn_ghost_gauntlet_escape, uniq_amaemon
Lair:2:   layout_misc_corridors, nicolae_shoals_entry_roost,
          cheibrodos_lair_reptile_den, grunt_megastairs_5,
          infiniplex_staircase_pool_2
Lair:3:   layout_small_grid, spider_nest_entry_a, infiniplex_staircase_pool
Lair:4:   minmay_lair_venomous_thicket, layout_cave_pods
Lair:5:   grunt_lair_end_beastmaster, layout_regular_city, slime_entry_2,
          gauntlet_entry_generic, grunt_forest_large_clearings
Shoals:1: layout_shoals, nicolae_shoals_abyss_on_the_beach
Shoals:2: layout_shoals
Shoals:3: layout_shoals, serial_shops, nicolae_shop_crystal,
          nicolae_shop_gadgets
Shoals:4: shoals_end_hellmonk_lost_city
Spider:1: layout_spider_delve, hangedman_spider_tarantella_strand
Spider:2: layout_spider_delve, nicolae_spider_checkerboard
Spider:3: layout_spider_delve
Spider:4: spider_rune_water, nicolae_spider_scorpion_nest, uniq_mara,
          uniq_bai_suzhen
Slime:1:  layout_caves
Slime:2:  layout_caves, nicolae_slime_getting_an_eyeful
Slime:3:  layout_caves
Slime:4:  layout_caves
Slime:5:  uniq_dissolution
Orc:1:    layout_diamond_mine, serial_shops, shop, nicolae_orc_rockfall,
          mines5_lemuel, uniq_harold
Orc:2:    st_orc_congregation, layout_caves, david_defended_altar_orc
Elf:1:    layout_loops_ring, serial_shops, shop,
          hangedman_elven_crosses_minicolossus
Elf:2:    nicolae_elf_blades_splatter_lattice [mumra_blade_entry_dagger],
          layout_geoelf_diagonals, uniq_donald, uniq_jorgrun
Elf:3:    minmay_elf_hall_hex, layout_gridlike, uniq_asterion, uniq_nikola
Vaults:1: dpeg_vaults_monster_row, nicolae_vaults_stairing_the_circle,
          nicolae_vaults_double_plus_1, hangedman_vaults_corner,
          hangedman_vaults_cutoff, vaults_mumra_lcd, nicolae_vaults_diamond_1,
          nicolae_vaults_theta, nicolae_vaults_mini_display_case,
          special_room_vaults [special_room_orc],
          nicolae_vaults_network_periphery, layout_vaults_big_room,
          serial_shops, freezing_bzr
Vaults:2: portal_desolation_entry_nicolae_forbidding_blocks,
          ontoclasm_vaults_idyll, nicolae_vaults_enemy_cabinets,
          minmay_crypt_entry_simple_sparse, v_misc_26, vaults_room_corners,
          nicolae_vaults_trapezoid_layered, layout_vaults_omnigrid
Vaults:3: nicolae_vaults_three_branches, v_alt_pattern_5,
          grunt_vaults_hallway_short, st_diamondy,
          ontoclasm_vaults_decontamination, grunt_vaults_swirl,
          ontoclasm_vaults_claustrophobia, nicolae_vaults_network_s,
          nicolae_vaults_trapezoid_layered, nicolae_vaults_closet_pinwheel_2,
          nicolae_vaults_diagonal_hallway_6, hangedman_vaults_restitches,
          nicolae_vaults_theta, layout_vaults_omnibox, serial_shops,
          nicolae_shop_back_alley_shop
Vaults:4: hangedman_vaults_maws, v_misc_5, nicolae_vaults_tetromino_T_2,
          grunt_vaults_trifunnel, nicolae_vaults_little_squares_6,
          nicolae_vaults_storage_closets_2, nicolae_vaults_museum,
          nicolae_vaults_circle_grid_b, ontoclasm_vaults_spin,
          nicolae_vaults_variable_pillar_hall, layout_vaults_maze, serial_shops,
          shop
Vaults:5: serial_shops, uniq_sojobo
Crypt:1:  layout_gridlike, grunt_crypt_arrival_webbed, uniq_saint_roka
Crypt:2:  layout_gridlike, grunt_ministairs_13, skrybe_necro_troll_2
Crypt:3:  david_glass_crypt, layout_misc_corridors, tomb_entry_shell_bobbens
Depths:1: layout_long_grid, nicolae_ashenzari_panopticon,
          grunt_hell_entry_dis_old, nicolae_trove_entry_isolated,
          minmay_splitting_lines, roderic_serpentine_path, grunt_ministairs_11,
          kennysheep_generic_room_14
Depths:2: kennysheep_four_of_diamonds, layout_cave_shapes, enter_ziggurat_d,
          serial_shops, kennysheep_little_box, minmay_fountain_box,
          rand_demon_pan_entry_5, pf_coc_iceberg
Depths:3: nicolae_whirlpool, layout_basic, hellmouth_3, rand_demon_pan_entry_4,
          abyss_entry, infiniplex_staircase_door_maze, serial_bayou_shore_a,
          uniq_grunn
Depths:4: grunt_zot_entry_gee_three, layout_cave_pools, rand_demon_pan_entry_1,
          hell_entry, nicolae_inconvenience_store, uniq_xtahua
Zot:1:    lemuel_halls_of_wrath, layout_misc_corridors
Zot:2:    regret_index_qazlal_generations, layout_misc_corridors,
          st_small_dragon_hoard_1, st_small_dragon_hoard_5

Skill      XL: |  1  2  3  4  5  6  7  8  9 10 11 12 13 14 15 16 17 18 19 20 21 22 23 24 25 26 |
---------------+-------------------------------------------------------------------------------+-----
Fighting       | 3 4 5 9 12 15 16 17 18 | 18.8
Translocations | 1 2 5 6 |  6.0
Conjurations   | 4 |  4.0
Shields        | 1 2 3 4 5 |  5.0
Maces & Flails | 4 5 6 12 18 20 | 20.0
Armour         | 1 5 7 10 11 13 15 18 | 18.8
Dodging        | 2 4 6 7 9 10 12 | 12.8
Stealth        | 1 6 8 10 12 15 | 15.0
Evocations     | 1 4 6 8 10 11 12 13 14 15 | 15.7
Ranged Weapons | 7 13 17 18 19 | 19.3
Earth Magic    | 5 |  5.0
Hexes          | 5 8 11 12 | 12.0
Summonings     | 2 5 8 |  8.0
Transmutations | 2 |  2.0
Spellcasting   | 4 6 8 9 |  9.0
Air Magic      | 4 7 |  7.0

Action                     |  1- 3 |  4- 6 |  7- 9 | 10-12 | 13-15 | 16-18 | 19-21 | 22-24 | 25-27 || total
---------------------------+-------+-------+-------+-------+-------+-------+-------+-------+-------++-------
  Melee: Mace              |   112 |   142 |       |       |       |       |       |       |       ||   254
         Punch             |     1 |       |       |       |       |       |       |       |       ||     1
         Kick              |       |    18 |    25 |    28 |       |       |       |   102 |   351 ||   524
         Flail             |       |    15 |    36 |       |       |       |       |       |       ||    51
         Glaive            |       |       |    60 |   311 |   692 |   172 |       |       |       ||  1235
         Peck              |       |       |     7 |    14 |       |       |       |       |       ||    21
         Headbutt          |       |       |       |    20 |   134 |    37 |    14 |       |       ||   205
         Pseudopods        |       |       |       |       |    64 |    35 |       |       |    68 ||   167
         Great mace        |       |       |       |       |       |       |    51 |   180 |   857 ||  1088
   Fire: Arbalest          |       |       |       |       |   175 |  1337 |  1774 |  1678 |   284 ||  5248
  Throw: Stone             |       |     2 |       |       |       |       |       |       |       ||     2
   Cast: Kiss of Death     |     1 |       |       |       |       |       |       |       |       ||     1
         Portal Projectile |       |       |       |       |       |       |    10 |    25 |     3 ||    38
         Blink             |       |       |       |       |       |       |       |     1 |       ||     1
 Invoke: Oozemancy         |       |     3 |     2 |     3 |     4 |     3 |     6 |     8 |       ||    29
Ability: Evoke Invisibilit |       |       |       |       |       |       |       |       |     1 ||     1
  Evoke: Wand              |       |       |     3 |     6 |    17 |     3 |       |     1 |       ||    30
         Tin of tremorston |       |       |       |       |     3 |     2 |     2 |       |       ||     7
         Lightning rod     |       |       |       |       |       |     4 |       |       |       ||     4
         Box of beasts     |       |       |       |       |       |     1 |       |     1 |       ||     2
         Phantom mirror    |       |       |       |       |       |     1 |       |       |       ||     1
    Use: Scroll            |     2 |     2 |     3 |     2 |    10 |     8 |     5 |     1 |     5 ||    38
         Potion            |       |       |     1 |       |     2 |     3 |     2 |       |     4 ||    12
   Stab: Sleeping          |       |       |       |     2 |     4 |       |       |       |     4 ||    10
         Distracted        |       |       |       |     1 |     2 |     1 |       |       |     3 ||     7
         Petrified         |       |       |       |       |     6 |       |       |       |       ||     6
         Invisible         |       |       |       |       |     5 |       |       |       |     1 ||     6
         Confused          |       |       |       |       |       |       |       |       |     1 ||     1
 Armour: Leather armour    |    43 |    50 |    19 |       |       |    81 |   595 |   742 |    20 ||  1550
         Plate armour      |       |       |    48 |    12 |       |       |       |       |       ||    60
         Scale mail        |       |       |       |   372 |  1458 |  1163 |       |       |       ||  2993
         Shadow dragon sca |       |       |       |       |       |       |       |       |   722 ||   722
  Dodge: Dodged            |    64 |    90 |    46 |   339 |  1338 |  1818 |  1579 |  1165 |   627 ||  7066
  Block: Buckler           |       |    19 |     9 |       |       |       |       |       |       ||    28
         Other             |       |       |       |       |   124 |       |    60 |   393 |   186 ||   763
         Reflection        |       |       |       |       |       |       |       |       |     1 ||     1
